AoeStats
← u990221

Nomad

509611404Analyzed
2v2 RM · 5d ago on Sep 27, 2026· 48m 59s· 4 players
Game mode
Random Map
Map size
176×176
Population
200
Speed
Normal
Resources
Standard
Victory
Conquest
Starting age
Dark Age
Ending age
Imperial Age
RankedLock teamsTeams togetherTeam positionsShared explorationLock speedFull tech treeHidden civsTurbo modeCheats
Victory
Defeat
🇹🇼 Varangians · Taiwan
1173
+12
🇹🇼 Koreans · Taiwan
1132
+13
🇩🇪 Varangians · Germany
1107
-14
🇩🇪 Danes · Germany
1048
-11
Andre114514
6:27 Loom
13:10 Feudal Age
14:23 Double-Bit Axe
15:53 Town Watch
21:02 Castle Age
19:42 Forging
20:49 Fletching
22:03 Medium Warships
24:06 Gold Mining
23:47 Crossbowman
26:11 Bodkin Arrow
28:46 Careening
28:48 Clinker Construction
31:17 Ballistics
31:29 Bow Saw
36:36 Murder Holes
39:00 Wheelbarrow
39:20 Masonry
40:47 Thumb Ring
43:20 Imperial Age
41:35 Eupseong
41:46 Stone Mining
42:32 Gold Shaft Mining
42:44 Treadmill Crane
43:24 Horse Collar
44:16 Bracer
45:21 Chemistry
44:43 Arbalester
46:37 Architecture
46:13 Siege Engineers
46:59 Arrowslits
47:25 Elite Skirmisher
u990221
13:07 Feudal Age
17:23 Castle Age
15:55 Double-Bit Axe
17:47 Loom
24:17 Bloodlines
26:59 Gold Mining
30:09 Forging
34:39 Bow Saw
34:17 Horse Collar
36:17 Wheelbarrow
37:04 Heavy Plow
38:22 Hand Cart
43:00 Imperial Age
40:50 Husbandry
42:38 Scale Barding Armor
43:09 Iron Casting
43:19 Stone Mining
44:15 Chain Barding Armor
44:03 Town Watch
45:38 Chemistry
44:46 Siege Engineers
46:11 Plate Barding Armor
46:37 Blast Furnace
47:37 Conscription
K99cour
5:28 Loom
14:09 Feudal Age
15:23 Double-Bit Axe
16:05 Arson
15:41 Man-at-Arms
22:44 Castle Age
20:42 Gold Mining
20:54 Scale Mail Armor
27:03 Forging
27:08 Chain Mail Armor
26:46 Fletching
33:10 Town Watch
34:53 Wheelbarrow
34:00 Horse Collar
34:26 Bodkin Arrow
35:10 Bow Saw
35:36 Long Swordsman
36:01 Gambesons
36:18 Squires
37:09 Gold Shaft Mining
37:47 Thumb Ring
37:43 Padded Archer Armor
38:06 Ballistics
42:14 Imperial Age
40:45 Leather Archer Armor
41:08 Hand Cart
40:47 Elite Skirmisher
41:51 Husbandry
42:01 Bloodlines
44:06 Conscription
43:22 Heavy Mounted Crossbowman
44:55 Ring Archer Armor
45:56 Cranequins
48:07 Bracer
Chakalabagala
4:38 Loom
13:01 Feudal Age
17:33 Castle Age
16:24 Scale Barding Armor
29:05 Town Watch
38:57 Horse Collar
44:25 Fletching
45:32 Bloodlines
Connection lost

Rejoining the realm…

Still unreachable

The connection could not be restored.

Session expired

The server has moved on; the page needs a fresh start.